 Dungeon Crawl Stone Soup version 0.19.5 (webtiles) character file.

67 HAWKINGL3623 the Shooter (level 4, -12/37 HPs)
             Began as a Centaur Hunter on Apr 4, 2017.
             Was a Believer of Uskayaw.
             Killed by divine providence
             ... invoked by an orc priest
              (14 damage)
             ... while paralysed by Grinder
             ... on level 3 of the Dungeon.
             The game lasted 00:12:55 (2254 turns).

HAWKINGL3623 the Shooter (Centaur Hunter)           Turns: 2254, Time: 00:12:56

Health: -12/37     AC:  5    Str: 15    XL:     4   Next: 0%
Magic:  0/4        EV:  1    Int: 10    God:    Uskayaw [**....]
Gold:   64         SH:  0    Dex: 10    Spells: 0 memorised, 3 levels left

rFire  . . .     SeeInvis .     h - +1 spear
rCold  . . .     Gourm    .     c - +1 leather armour
rNeg   + . .     Faith    .     (no shield)
rPois  .         Spirit   +     (no helmet)
rElec  .         Reflect  .     (no cloak)
rCorr  .         Harm     .     (no gloves)
MR     .....                    (no barding)
Stlth  +.........               g - amulet of guardian spirit
                                (no ring)
                                j - ring of positive energy

@: paralysed, slowed, very quick
A: hooves 3, deformed body, speed 2, tough skin 3
a: Stomp, Line Pass, Renounce Religion


You were on level 3 of the Dungeon.
You worshipped Uskayaw.
Uskayaw was noncommittal.
You were not hungry.

You visited 1 branch of the dungeon, and saw 3 of its levels.

You collected 64 gold pieces.

Inventory:

Hand Weapons
 a - a +1 shortbow
 b - a +0 short sword
 h - a +1 spear (weapon)
 k - a cursed -3 hunting sling
Missiles
 d - 41 arrows
 e - 93 stones (quivered)
Armour
 c - a +1 leather armour (worn)
Jewellery
 g - an amulet of guardian spirit (around neck)
 j - a ring of positive energy (left hand)
Scrolls
 i - a scroll of recharging
 m - a scroll of identify
Comestibles
 f - a bread ration
 l - a beef jerky


   Skills:
 + Level 2.4 Fighting
 + Level 0.6 Short Blades
 + Level 1.0 Polearms
 + Level 6.1 Bows
 + Level 0.7 Throwing
 + Level 0.4 Armour
 + Level 1.6 Dodging
 + Level 0.4 Stealth


You had 3 spell levels left.
You didn't know any spells.

Dungeon Overview and Level Annotations

Branches:
Dungeon (3/15)

Altars:
Uskayaw

Annotations:
D:3 Grinder, Purgy


Innate Abilities, Weirdness & Mutations

You have hooves in place of feet.
Armour fits poorly on your strangely shaped body.
You cover ground very quickly.
You have extremely tough skin. (AC +3)


Message History

The orc wizard hits you with a dagger.
* * * LOW HITPOINT WARNING * * *
The orc hits you but does no damage. Grinder closely misses you.
The orc wizard hits you but does no damage.
Unknown command.
You closely miss the orc.
The orc is heavily wounded.
The orc wizard gestures wildly while chanting.
The orc wizard blinks!
Grinder says, "You look like you could use a good racking."
Grinder gestures at you.
You suddenly lose the ability to move!
The orc hits you but does no damage.
The orc priest looks braver for a moment.
Grinder hits you but does no damage. The orc hits you but does no damage.
Purgy bites you but does no damage. Purgy claws you but does no damage.
Purgy claws you.
* * * LOW HITPOINT WARNING * * *
The orc priest invokes the aid of Beogh against you.
Beogh smites you!
You die...

#.......# #.......# #....?..#
#........... #### ###.....###.
#..###### #######...
#....(..##### ..... .....
######.#####...5o#...########..
.....#.# #####@To......... ...
.....#.# ###..........
...?...##### .........
...........###### ........
.....#####......#####.......
##...## ######..T....o.....
###...# ######........
.##.#.)..# #........ .#..####.#
###........


You could see Grinder, Purgy, an orc priest, an orc wizard and an orc.

Vanquished Creatures
  A gnoll (D:1)
  An adder (D:3)
  2 worms (D:2)
  2 dart slugs
  A leopard gecko (D:2)
  5 giant cockroaches
  5 hobgoblins
  3 jackals (D:1)
  A kobold (D:2)
  3 bats
  4 frilled lizards
  5 goblins
  6 rats
39 creatures vanquished.

Notes
Turn   | Place    | Note
-------+----------+-------------------------------------------
     0 | D:1      | HAWKINGL3623 the Centaur Hunter began the quest for the Orb.
     0 | D:1      | Reached XP level 1. HP: 17/17 MP: 1/1
   328 | D:1      | Reached XP level 2. HP: 23/24 MP: 2/2
   483 | D:1      | Reached skill level 6 in Bows
   795 | D:1      | Reached XP level 3. HP: 29/29 MP: 3/3
  1243 | D:2      | Found a faded altar of an unknown god.
  1254 | D:2      | Became a worshipper of Uskayaw the Reveler
  1254 | D:2      | Reached * piety under Uskayaw
  1316 | D:2      | Reached ** piety under Uskayaw
  1990 | D:3      | Noticed Purgy
  2039 | D:3      | Reached skill level 1 in Polearms
  2215 | D:3      | Noticed Grinder
  2240 | D:3      | Reached XP level 4. HP: 28/37 MP: 4/4
  2254 | D:3      | Paralysed by Grinder for 5 turns
  2254 | D:3      | Killed from afar by an orc priest

Skill      XL: |  1  2  3 |
---------------+----------+-----
Bows           | 6 |  6.1
Polearms       | 1 |  1.0
Fighting       | |  2.4
Short Blades   | |  0.6
Throwing       | |  0.7
Armour         | |  0.4
Dodging        | |  1.6
Stealth        | |  0.4

Action                   |  1- 3 |  4- 6 || total
-------------------------+-------+-------++-------
Melee: Short sword       |    37 |       ||    37
       Kick              |     9 |     1 ||    10
       Spear             |   102 |     9 ||   111
 Fire: Shortbow          |    16 |     2 ||    18
Throw: Stone             |    34 |       ||    34
  Use: Scroll            |    12 |       ||    12
       Potion            |     2 |       ||     2
  Eat: Chunk             |     2 |       ||     2
       Beef jerky        |       |     1 ||     1
Armor: Leather armour    |    38 |    14 ||    52
Dodge: Dodged            |    51 |    11 ||    62
